 Dungeon Crawl Stone Soup version 0.23.0-28-g6fe0f4dc8b (webtiles) character file.

Game seed: 4502183497859562087

210 Chiseanne the Sneak (level 5, -1/36 HPs)
             Began as an Octopode Warper on Feb 26, 2019.
             Slain by an orc priest
             ... wielding a +0 club
              (3 damage)
             ... on level 3 of the Dungeon.
             The game lasted 00:04:07 (2463 turns).

Chiseanne the Sneak (Octopode Warper)               Turns: 2463, Time: 00:04:08

Health: -1/36      AC:  1    Str: 11    XL:     5   Next: 87%
Magic:  8/8        EV: 14    Int: 15    God:
Gold:   110        SH:  0    Dex: 12    Spells: 8/8 levels left

rFire    . . .     SeeInvis .   a - +4 spear (pierce)
rCold    . . .     Gourm    .   (no shield)
rNeg     . . .     Faith    .   (helmet restricted)
rPois    .         Spirit   .   (no amulet)
rElec    .         Reflect  .   (no ring)
rCorr    .         Harm     .   (no ring)
MR       .....                  (no ring)
Stlth    ++++......             (no ring)
HPRegen  0.12/turn              (no ring)
MPRegen  0.11/turn              (no ring)
                                (no ring)
                                (no ring)

@: no status effects
A: almost no armour, stealthy swim, amphibious, 8 rings, constrict 8, camouflage
1, gelatinous body 1
a: no special abilities


You were on level 3 of the Dungeon.
You were not hungry.

You visited 1 branch of the dungeon, and saw 3 of its levels.

You collected 110 gold pieces.

Inventory:

Hand Weapons
 a - a +4 spear of piercing (weapon)
 k - a cursed -3 dagger
Missiles
 d - 4 tomahawks of dispersal (quivered)
 i - 55 stones
 l - 12 bolts
 m - 50 arrows
Jewellery
 b - an uncursed ring of fire
Scrolls
 c - a scroll of blinking
 e - a scroll of teleportation
 j - 2 scrolls of identify
Potions
 g - a potion of mutation
Comestibles
 f - 6 rations


   Skills:
 + Level 3.2 Fighting
 - Level 2.0 Short Blades
 - Level 1.0 Throwing
 + Level 3.6 Dodging
 * Level 5.5 Stealth
 - Level 2.0 Spellcasting
   Level 3.0 Translocations


You had 8 spell levels left.
You didn't know any spells.
Your spell library contained the following spells:

 Spells                   Type           Power        Failure   Level  Hunger
 Blink                    Tloc           N/A          10%         2    ###....
 Shroud of Golubria       Chrm/Tloc      #.........   19%         2    ###....
 Gell's Gravitas          Tloc           ##........   19%         3    ###....
 Lesser Beckoning         Tloc           ##........   19%         3    ###....
 Teleport Other           Tloc           ##......     19%         3    ###....
 Passage of Golubria      Tloc           N/A          54%         4    #####..


Dungeon Overview and Level Annotations

Branches:
Dungeon (3/15)

Altars:
Ashenzari


Innate Abilities, Weirdness & Mutations

You cannot wear most types of armour.
You are very stealthy in the water. (Stealth+)
You are amphibious.
You can wear up to eight rings at the same time.
You can use your tentacles to constrict eight enemies at once.
Your skin changes colour to match your surroundings (Stealth+).
Your rubbery body absorbs attacks. (AC +1, EV +1)


Message History

[Y]es or [N]o only, please.
Really quaff the potion of mutation? [Y]es or [N]o only, please.
Really quaff the potion of mutation?
Okay, then.
Unknown command.
Unknown command.
You hit the orc priest.
The orc priest is heavily wounded.
You constrict the orc priest, but do no damage.
The orc priest escapes!
You hit the orc priest. You grab the orc priest.
The orc priest is almost dead.
You constrict the orc priest.
You kill the orc priest!
The orc priest misses you.
You closely miss the orc priest. Your grab misses the orc priest.
You squeeze the orc priest, but do no damage.
The orc priest hits you with a +0 club.
You die...

....#.# #......
#...#.# #......
##...#.# #.....# ...
#....#.# ##.....
...###### #...##.#
#..#.# ........#
#......# ##.#.#
........# #....###
#...# #......# #....#
##..#
#.o....####@...####
#..#
+....[....o)........
#..#
#....).###.<..#######
##.#
#.........#.#.........
#
#.#######.#....#######
# #.#..........# #
#....#######.# #
###### ##.###### #
#.......# #


You could see an orc priest.

Vanquished Creatures
  2 orc priests (D:3)
  An orc wizard (D:3)
  6 adders
  An ooze (D:1)
  3 worms
  2 leopard geckos
  5 orcs
  5 goblins
  3 hobgoblins
  2 quokkas (D:2)
  5 bats
  12 frilled lizards
  7 kobolds
  5 rats
59 creatures vanquished.

Notes
Turn   | Place    | Note
-------+----------+-------------------------------------------
     0 | D:1      | Chiseanne the Octopode Warper began the quest for the Orb.
     0 | D:1      | Reached XP level 1. HP: 14/14 MP: 3/3
    92 | D:1      | Reached skill level 1 in Stealth
   207 | D:1      | Reached XP level 2. HP: 19/19 MP: 5/5
   238 | D:1      | Reached skill level 2 in Stealth
   676 | D:2      | Reached XP level 3. HP: 10/25 MP: 6/6
   913 | D:2      | Reached skill level 3 in Stealth
  1066 | D:2      | Reached XP level 4. HP: 30/30 MP: 7/7
  1078 | D:2      | Found a shattered altar of Ashenzari.
  1392 | D:2      | Reached skill level 4 in Stealth
  1972 | D:3      | Reached XP level 5. HP: 34/36 MP: 8/8
  2141 | D:3      | Reached skill level 5 in Stealth
  2463 | D:3      | Slain by an orc priest

Skill      XL: |  1  2  3  4  5 |
---------------+----------------+-----
Stealth        | 1 2 3 4 5 |  5.5
Dodging        | 3 |  3.6
Fighting       | 3 |  3.2
Short Blades   | |  2.0
Throwing       | |  1.0
Spellcasting   | |  2.0
Translocations | |  3.0

Action                   |  1- 3 |  4- 6 || total
-------------------------+-------+-------++-------
Melee: Spear             |    54 |    71 ||   125
       Constrict         |     7 |    12 ||    19
       Tentacles         |     4 |     7 ||    11
Throw: Tomahawk          |       |     1 ||     1
  Use: Scroll            |     3 |     5 ||     8
       Potion            |     1 |       ||     1
 Stab: Sleeping          |     4 |     6 ||    10
  Eat: Chunk             |       |     5 ||     5
Armor: Skin              |     1 |     3 ||     4
Dodge: Dodged            |    28 |    33 ||    61
